Description

Scouting assistant

Supply count is drone count only - 76 Drones DDDDDDDDDDDDDDDDD!!!!!!!!

Then max out to gg

Build Order

Get SALT Encoding   

  25  3:45  Action  
  42  4:30  Action  
  60  5:30  Action  
  86  7:30  Action  
  200  9:30  Action  
  200  11:30  Action  
  199  13:30  Action  
  200  15:30  Action  
  200  17:30  Action  
  200  20:00  Action  
Spawning Tool Build Advisor. Get it on Overwolf

Go to:

Details

  • Created by: dondef
  • Published on: Sep 14, 2023
  • Modified on: Sep 14, 2023
  • Patch: 5.0.11
  • Difficulty: Easy
Show
View Real Time Build Order
Export as new Build Order

Comments (0)

There are no comments. Be the first!

Create an account to comment!